 Dungeon Crawl Stone Soup version 0.28-a0-657-g71136c5590 (webtiles) character file.

Game seed: 3326352361779014499

9 lawman0 the Covert (level 2, 0/29 HPs)
             Began as a Gnoll Delver on Oct 13, 2021.
             Shot with a stone by a goblin (4 damage)
             ... on level 4 of the Dungeon.
             The game lasted 00:00:28 (67 turns).

lawman0 the Covert (Gnoll Delver)                     Turns: 67, Time: 00:00:29

Health: 0/29       AC:  3    Str: 11    XL:     2   Next: 12%
Magic:  2/2        EV: 13    Int:  9    God:
Gold:   16         SH:  0    Dex: 13    Spells: 1/1 levels left

rFire   . . .      SeeInvis .   a - +0 mace
rCold   . . .      Faith    .   (no shield)
rNeg    . . .      Spirit   .   b - +0 leather armour
rPois   .          Reflect  .   (no helmet)
rElec   .          Harm     .   (no cloak)
rCorr   .          Rampage  .   (no gloves)
Will    .....                   (no boots)
Stlth   ++........              (no amulet)
HPRegen 0.09/turn               (no ring)
MPRegen 0.08/turn               (no ring)

@: very slow
A: fangs 1, strong nose, distributed training
a: no special abilities


You were on level 4 of the Dungeon.
You visited 1 branch of the dungeon, and saw 2 of its levels.

You collected 16 gold pieces.

Inventory:

Hand Weapons
 a - a +0 mace (weapon)
Armour
 b - a +0 leather armour (worn)
Wands
 g - a wand of digging (3)
Scrolls
 c - a scroll of fog
 e - a scroll of fear
Potions
 f - a potion of haste


   Skills:
 + Level 6.4 Fighting
 + Level 0.3 Short Blades
 + Level 0.3 Long Blades
 + Level 0.3 Axes
 + Level 4.4 Maces & Flails
 + Level 0.3 Polearms
 + Level 0.3 Staves
 + Level 0.3 Slings
 + Level 0.3 Bows
 + Level 0.3 Crossbows
 + Level 0.3 Throwing
 + Level 0.3 Armour
 + Level 4.4 Dodging
 + Level 9.5 Stealth
 + Level 0.3 Shields
 + Level 0.3 Unarmed Combat
 + Level 0.3 Spellcasting
 + Level 0.2 Conjurations
 + Level 0.2 Hexes
 + Level 0.2 Summonings
 + Level 0.2 Necromancy
 + Level 0.2 Translocations
 + Level 0.2 Transmutations
 + Level 0.2 Fire Magic
 + Level 0.2 Ice Magic
 + Level 0.2 Air Magic
 + Level 0.2 Earth Magic
 + Level 0.2 Poison Magic
 + Level 0.4 Invocations
 + Level 0.3 Evocations


You had one spell level left.
You didn't know any spells.
Your spell library was empty.

Dungeon Overview and Level Annotations

Branches:
Dungeon (5/15)
 Temple: D:4-7

Altars:


Innate Abilities, Weirdness & Mutations

You have very sharp teeth.
Your uncanny sense of smell can sniff out nearby items.
Your experience applies equally to all skills.


Message History

A jelly comes into view.
The adder bites you but does no damage.
The jelly quivers.
You hit the adder. Your bite misses the adder.
The adder is almost dead.
The adder bites you. x2
You are poisoned.
The adder poisons you!
You are too injured to fight recklessly!
You are too injured to fight recklessly!
You feel sick.
There is a stone staircase leading up here.
You closely miss the adder.
The adder is almost dead.
You feel sick. The adder bites you but does no damage. The adder misses you.
You hit the adder.
You kill the adder!
You feel sick.
You have reached level 2!
You feel sick.
You are no longer poisoned.
You climb upwards.
There is a stone staircase leading down here.
An adder, 2 goblins and a hobgoblin come into view.
Found a trident. 2 goblins come into view.
The goblin shouts! x2; The adder hisses angrily.
The goblin shouts!
You are too injured to fight recklessly!
You enter the shallow water.
Moving in this stuff is going to be slow.
The adder bites you but does no damage. x2
The goblin unwields a +0 hunting sling.
The goblin hits you but does no damage.
The goblin shoots a stone.
The stone misses you.
The stone misses the adder.
The goblin unwields a +0 hunting sling.
The goblin hits you but does no damage.
The goblin shoots a stone.
The stone hits you.
* * * LOW HITPOINT WARNING * * *
You hit the goblin.
You kill the goblin!
The adder misses you.
The goblin shoots a stone.
The stone hits you.
You die...

######.######.# #.#
#.# #.# #># . ####l#
#.# ###. #....# #l#
#....##.#########.#
........l..........
.........g.g.......
≈≈....≈.S@.g..≈≈..≈
≈≈≈≈≈≈≈≈≈.)g..≈≈≈≈≈≈
≈≈≈≈≈≈≈≈≈≈)...≈≈≈
≈≈≈≈≈≈≈≈≈≈....≈≈≈
###########++####


You could see an iguana, an adder, a hobgoblin and 3 goblins.

Vanquished Creatures
  An adder (D:5)
  A goblin (D:4)
2 creatures vanquished.

Notes
Turn   | Place    | Note
-------+----------+-------------------------------------------
     0 | D:5      | Reached skill level 9 in Stealth
     0 | D:5      | lawman0 the Gnoll Delver began the quest for the Orb.
     0 | D:5      | Reached XP level 1. HP: 23/23 MP: 1/1
     9 | D:5      | Noticed an ogre
    41 | D:5      | Noticed a jelly
    46 | D:5      | Reached XP level 2. HP: 6/29 MP: 2/2
    67 | D:4      | Shot with a stone by a goblin

Illustrated notes

Levels and vault maps discovered:
D:4:      minmay_goblin_kobold_castle, layout_loops_ring,
          mainiacjoe_overflow_divided_tiny, chequers_serial_rivers_micro_e
D:5:      layout_layer_cave, uniq_duvessa

Skill      XL: | |
---------------+-+-----
Stealth        | |  9.5
Fighting       | |  6.4
Short Blades   | |  0.3
Long Blades    | |  0.3
Axes           | |  0.3
Maces & Flails | |  4.4
Polearms       | |  0.3
Staves         | |  0.3
Slings         | |  0.3
Bows           | |  0.3
Crossbows      | |  0.3
Throwing       | |  0.3
Armour         | |  0.3
Dodging        | |  4.4
Shields        | |  0.3
Unarmed Combat | |  0.3
Spellcasting   | |  0.3
Conjurations   | |  0.2
Hexes          | |  0.2
Summonings     | |  0.2
Necromancy     | |  0.2
Translocations | |  0.2
Transmutations | |  0.2
Fire Magic     | |  0.2
Ice Magic      | |  0.2
Air Magic      | |  0.2
Earth Magic    | |  0.2
Poison Magic   | |  0.2
Invocations    | |  0.4
Evocations     | |  0.3

Action                   || total
-------------------------++-------
Melee: Mace              ||     6
  Use: Scroll            ||     1
Armor: Leather armour    ||     7
Dodge: Dodged            ||     3

Table legend: (Time is in decaauts)
 A = Elapsed time spent in this place.
 B = Non-inter-level travel time spent in this place.
 C = Inter-level travel time spent in this place.
 D = Time resting spent in this place.
 E = Time spent auto-exploring this place.
 F = Levels seen in this place.
 G = Mean time per level.
                   A        B        C        D        E       F      G
               +--------+--------+--------+--------+--------+-----+--------+
         Total |     68 |     68 |      0 |      0 |      7 |   2 |   34.0 |
       Dungeon |     68 |     68 |      0 |      0 |      7 |   2 |   34.0 |
               +--------+--------+--------+--------+--------+-----+--------+

Top non-repeatable levels by time:
     D:5: 47 daAuts
     D:4: 20 daAuts
